Detroit Red Wings vs Colorado Rockies
Created - Wednesday, November 5, 2025 at 08:21
Goals
|
| Detroit Red Wings |
1 |
2 |
2 |
0 |
0 |
5 |
| Colorado Rockies |
3 |
1 |
1 |
0 |
1 |
6 |
|
Shots
|
| Detroit Red Wings |
13 |
13 |
12 |
0 |
3 |
38 |
| Colorado Rockies |
17 |
7 |
10 |
0 |
2 |
34 |
|
1st period
1. Colorado Rockies , Tim Stutzle 26 (Victor Hedman 30, Martin Fehervary 27) at 5:43
2. Colorado Rockies , David Pastrnak 28 (Kyle Palmieri 23, Victor Hedman 31) at 5:59
3. Detroit Red Wings , Cole Sillinger 16 (Max Pacioretty 21, Jamie Drysdale 19) at 6:19
4. Colorado Rockies , Kyle Palmieri 17 (David Pastrnak 41, Jesper Bratt 28) at 13:13
Penalties :
David Pastrnak (COL) for Holding (Minor) at 9:24
2nd period
5. Detroit Red Wings , Collin Graf 7 (Cutter Gauthier 42) at 0:40
6. Detroit Red Wings , Collin Graf 8 (Fraser Minten 7, Cutter Gauthier 43) at 13:13 (PP)
7. Colorado Rockies , Kyle Connor 13 (Tim Stutzle 39, Andrew Peeke 14) at 13:25
Penalties :
Nikita Kucherov (COL) for Tripping (Minor) at 6:41, Michael Bunting (COL) for Slashing (Minor) at 10:07, Evgeny Kuznetsov (COL) for High sticking (Minor) at 13:08, Victor Hedman (COL) for Tripping (Minor) at 14:51
3rd period
8. Detroit Red Wings , Yakov Trenin 10 (Vasili Podkolzin 5, Rasmus Kupari 18) at 2:20
9. Colorado Rockies , Kyle Palmieri 18 (Kyle Connor 22, Tim Stutzle 40) at 4:30 (PP)
10. Detroit Red Wings , Cutter Gauthier 35 (Fraser Minten 8, Jackson LaCombe 42) at 6:25
Penalties :
Zach Whitecloud (COL) for Interference (Minor) at 2:25, Jackson LaCombe (DET) for Hooking (Minor) at 3:14, Shayne Gostisbehere (DET) for Hooking (Minor) at 8:15
Overtime #1
No Goal
Penalties :
Jackson LaCombe (DET) for Interference (Minor) at 0:09
Shootout
Detroit Red Wings, Cutter Gauthier - Stopped by Daniil Tarasov
Colorado Rockies, Nikita Kucherov - Shot Misses the Net
Detroit Red Wings, Collin Graf - Stopped by Daniil Tarasov
Colorado Rockies, Tim Stutzle - Goal!
Detroit Red Wings, Cole Sillinger - Shot Misses the Net
Penalties :
No Penalty
Goalie Stats
Ville Husso (DET), 29 saves from 34 shots - (0.853), OTL, 1-1-1, 65:00 minutes
Daniil Tarasov (COL), 33 saves from 38 shots - (0.868), W, 13-20-6, 65:00 minutes
Players Stats for Detroit Red Wings
Player Name G A P +/- PIM S H SB GA TA FO MP PP MP PK MP
------------------------------------------------------------------------------------
Cole Sillinger 1 0 1 -1 0 7 0 1 1 0 11/17 22:46 4:29 2:06
Collin Graf 2 0 2 1 0 3 0 0 0 1 0/2 21:11 4:18 0:00
Conor Timmins 0 0 0 -2 0 1 1 0 0 0 0/0 18:06 4:15 2:01
Cutter Gauthier 1 2 3 1 0 4 0 0 3 0 13/28 20:56 4:12 0:54
Fraser Minten 0 2 2 1 0 3 0 0 1 0 0/2 18:39 4:12 0:06
Jackson LaCombe 0 1 1 1 4 3 3 0 2 1 0/0 27:40 4:26 0:37
Jamie Drysdale 0 1 1 2 0 1 2 0 1 0 0/0 26:08 4:35 2:08
Jayden Struble 0 0 0 -2 0 0 2 0 0 0 0/0 13:37 0:08 0:18
Kevin Stenlund 0 0 0 0 0 1 1 0 0 0 8/13 12:54 0:21 1:01
Max Pacioretty 0 1 1 -1 0 4 3 0 2 0 3/4 19:58 4:29 0:00
Peyton Krebs 0 0 0 0 0 1 0 0 0 0 0/0 11:03 0:00 0:00
Raphael Lavoie 0 0 0 0 0 0 3 0 0 0 0/1 10:29 0:03 0:00
Rasmus Kupari 0 1 1 0 0 2 0 1 0 0 3/4 8:30 0:00 1:01
Ryan Graves 0 0 0 0 0 0 5 1 0 1 0/0 22:34 0:00 1:45
Shayne Gostisbehere 0 0 0 1 2 1 0 0 0 1 0/0 21:54 4:15 1:19
Tanner Pearson 0 0 0 -1 0 3 3 1 0 0 0/1 20:33 4:17 0:00
Vasili Podkolzin 0 1 1 0 0 3 3 1 0 0 0/1 9:15 0:09 0:00
Yakov Trenin 1 0 1 0 0 1 0 0 0 0 0/0 8:30 0:00 1:01
Players Stats for Colorado Rockies
Player Name G A P +/- PIM S H SB GA TA FO MP PP MP PK MP
------------------------------------------------------------------------------------
Andrew Peeke 0 1 1 0 0 1 0 3 0 3 0/0 23:46 1:06 4:16
David Pastrnak 1 1 2 1 2 3 1 0 0 0 0/0 14:26 0:51 0:00
Evgeny Kuznetsov 0 0 0 0 2 0 1 0 0 0 0/0 7:20 0:00 0:00
Jesper Bratt 0 1 1 1 0 2 3 0 0 0 0/0 15:32 0:51 1:05
Kevin Hayes 0 0 0 -2 0 2 1 0 0 0 4/8 18:24 0:00 4:29
Kyle Connor 1 1 2 1 0 1 2 0 0 0 0/1 23:02 1:14 4:49
Kyle Palmieri 2 1 3 1 0 5 0 0 0 0 10/18 16:58 0:57 0:00
Martin Fehervary 0 1 1 0 0 0 0 2 0 1 0/0 24:45 0:59 4:34
Michael Bunting 0 0 0 -2 2 3 1 1 3 0 0/0 17:12 0:00 2:56
Nick Bonino 0 0 0 0 0 0 1 0 0 0 0/1 6:00 0:00 0:00
Nick Schmaltz 0 0 0 -2 0 1 2 0 0 1 9/18 18:54 0:00 3:53
Nikita Kucherov 0 0 0 1 2 2 0 1 0 0 0/1 17:14 1:08 0:00
Philipp Kurashev 0 0 0 0 0 2 2 0 0 0 0/0 6:00 0:00 0:00
Quinn Hughes 0 0 0 0 0 2 2 3 0 1 0/0 24:45 1:06 4:42
Tim Stutzle 1 2 3 1 0 6 3 0 1 0 12/26 18:15 1:08 0:28
Victor Hedman 0 2 2 0 2 2 1 1 0 0 0/0 23:37 0:59 3:27
Vince Dunn 0 0 0 0 0 1 0 1 0 2 0/0 16:29 0:00 0:00
Zach Whitecloud 0 0 0 0 2 1 3 0 0 2 0/0 17:15 0:06 0:41
3 Stars
1 - Kyle Palmieri (COL)
2 - Tim Stutzle (COL)
3 - Cutter Gauthier (DET)
Power Play
Detroit Red Wings - 1 on 6 Attempt(s) - 16.67%
Colorado Rockies - 1 on 3 Attempt(s) - 33.33%
Penalty Kill
Detroit Red Wings - 2 on 3 Attempt(s) - 66.67%
- Score 0 goal in Penalty Kill
Colorado Rockies - 5 on 6 Attempt(s) - 83.33%
- Score 0 goal in Penalty Kill
Team Stat
Detroit Red Wings - Hits : 26 - Faceoff Wins : 38 - Blocked Shots : 5 - Penalty Minutes : 6
Colorado Rockies - Hits : 23 - Faceoff Wins : 35 - Blocked Shots : 12 - Penalty Minutes : 12
Official
Referees : Jordan Samuels and Kyle Rehman
Linesman : Libor Suchanek and Ben O'Quinn
Game Notes
No Game Note
Finance
Level 1 -- Attendance: 5240 (87.33%) -- Ticket Income $471,600
Level 2 -- Attendance: 4894 (97.88%) -- Ticket Income $269,170
Level 3 -- Attendance: 2231 (74.37%) -- Ticket Income $78,085
Level 4 -- Attendance: 3500 (70.00%) -- Ticket Income $87,500
Luxury Box -- Attendance: 832 (83.20%) -- Ticket Income $145,600
Game was played at the Pepsi Center.
Total Attendance: 16697 (83.49%)
Total Ticket Income: $1,051,955
Other Income: $368,184
Total Income: $1,420,139
Detroit Red Wings
5 vs 5 Forward
Center Left Wing Right Wing Time % Phy DF OF
1 Cutter Gauthier Fraser Minten Collin Graf 35 1 2 2
2 Cole Sillinger Tanner Pearson Max Pacioretty 35 1 1 3
3 Kevin Stenlund Peyton Krebs Raphael Lavoie 20 1 2 2
4 Rasmus Kupari Vasili Podkolzin Yakov Trenin 10 2 2 1
5 vs 5 Defense
Defense Defense Time % Phy DF OF
1 Ryan Graves Jackson LaCombe 40 1 2 2
2 Jamie Drysdale Shayne Gostisbehere 30 1 2 2
3 Conor Timmins Jayden Struble 20 3 1 1
4 Jamie Drysdale Jackson LaCombe 10 1 2 2
PowerPlay Forward
Center Left Wing Right Wing Time % Phy DF OF
1 Cutter Gauthier Fraser Minten Collin Graf 50 0 1 4
2 Cole Sillinger Tanner Pearson Max Pacioretty 50 0 1 4
PowerPlay Defense
Defense Defense Time % Phy DF OF
1 Jamie Drysdale Jackson LaCombe 50 1 2 2
2 Conor Timmins Shayne Gostisbehere 50 1 2 2
Penalty Kill 4 Players Forward
Center Wing Time % Phy DF OF
1 Kevin Stenlund Rasmus Kupari 50 2 2 1
2 Cole Sillinger Yakov Trenin 50 2 2 1
Penalty Kill 4 Players Defense
Defense Defense Time % Phy DF OF
1 Ryan Graves Jackson LaCombe 50 2 2 1
2 Conor Timmins Shayne Gostisbehere 50 2 2 1
Penalty Kill - 3 Players Forward
Forward Time % Phy DF OF
1 Cutter Gauthier 50 1 2 2
2 Cole Sillinger 50 1 2 2
Penalty Kill - 3 Players Defense
Defense Defense Time % Phy DF OF
1 Ryan Graves Jackson LaCombe 50 1 2 2
2 Conor Timmins Shayne Gostisbehere 50 2 2 1
4 vs 4 Forward
Center Wing Time % Phy DF OF
1 Cutter Gauthier Collin Graf 60 1 2 2
2 Cole Sillinger Fraser Minten 40 1 1 3
4 vs 4 Defense
Defense Defense Time % Phy DF OF
1 Ryan Graves Jackson LaCombe 60 1 2 2
2 Jamie Drysdale Shayne Gostisbehere 40 1 2 2
Last Minutes Offensive
Center Left Wing Right Wing Defense Defense
Cutter Gauthier Cole Sillinger Collin Graf Jamie Drysdale Jackson LaCombe
Last Minutes Defensive
Center Left Wing Right Wing Defense Defense
Cutter Gauthier Cole Sillinger Collin Graf Jamie Drysdale Jackson LaCombe
Goaltenders
Starting : Ville Husso
Backup : Dylan Ferguson
Extra Forwards
Normal : Kevin Stenlund, Peyton Krebs, Tanner Pearson - PP : Kevin Stenlund, Tanner Pearson - PK : Yakov Trenin
Extra Defensemen
Normal : Shayne Gostisbehere, Jamie Drysdale, Ryan Graves - PP : Shayne Gostisbehere - PK : Shayne Gostisbehere, Jamie Drysdale
Penalty Shots
Cutter Gauthier, Collin Graf, Cole Sillinger, Max Pacioretty, Fraser Minten
Scratches
Daniel Torgersson (Healthy), Christian Fischer (Healthy), Kasperi Kapanen (Healthy), Tyler Boucher (Healthy), Jett Woo (Healthy)
Vitek Vanecek (Torso Injury), Laurent Brossoit (Right Knee Injury)
Colorado Rockies
5 vs 5 Forward
Center Left Wing Right Wing Time % Phy DF OF
1 Tim Stutzle Kyle Connor Nikita Kucherov 30 0 0 5
2 Kyle Palmieri Jesper Bratt David Pastrnak 30 1 2 2
3 Nick Schmaltz Michael Bunting Kevin Hayes 30 1 2 2
4 Evgeny Kuznetsov Nick Bonino Philipp Kurashev 10 5 0 0
5 vs 5 Defense
Defense Defense Time % Phy DF OF
1 Victor Hedman Martin Fehervary 33 1 2 2
2 Quinn Hughes Andrew Peeke 33 1 2 2
3 Vince Dunn Zach Whitecloud 33 1 2 2
4 Victor Hedman Martin Fehervary 1 1 2 2
PowerPlay Forward
Center Left Wing Right Wing Time % Phy DF OF
1 Tim Stutzle Kyle Connor Nikita Kucherov 50 1 2 2
2 Kyle Palmieri Jesper Bratt David Pastrnak 50 1 2 2
PowerPlay Defense
Defense Defense Time % Phy DF OF
1 Victor Hedman Martin Fehervary 50 1 2 2
2 Quinn Hughes Andrew Peeke 50 1 2 2
Penalty Kill 4 Players Forward
Center Wing Time % Phy DF OF
1 Nick Schmaltz Michael Bunting 50 1 2 2
2 Kevin Hayes Kyle Connor 50 1 2 2
Penalty Kill 4 Players Defense
Defense Defense Time % Phy DF OF
1 Victor Hedman Martin Fehervary 50 1 2 2
2 Quinn Hughes Andrew Peeke 50 1 2 2
Penalty Kill - 3 Players Forward
Forward Time % Phy DF OF
1 Kevin Hayes 50 1 2 2
2 Nick Schmaltz 50 1 2 2
Penalty Kill - 3 Players Defense
Defense Defense Time % Phy DF OF
1 Victor Hedman Martin Fehervary 50 1 2 2
2 Quinn Hughes Andrew Peeke 50 1 2 2
4 vs 4 Forward
Center Wing Time % Phy DF OF
1 Tim Stutzle Nikita Kucherov 50 1 2 2
2 Kyle Palmieri Kyle Connor 50 1 2 2
4 vs 4 Defense
Defense Defense Time % Phy DF OF
1 Victor Hedman Martin Fehervary 50 1 2 2
2 Quinn Hughes Andrew Peeke 50 1 2 2
Last Minutes Offensive
Center Left Wing Right Wing Defense Defense
Tim Stutzle Kyle Connor Nikita Kucherov Victor Hedman Martin Fehervary
Last Minutes Defensive
Center Left Wing Right Wing Defense Defense
Tim Stutzle Kyle Connor Nikita Kucherov Victor Hedman Martin Fehervary
Goaltenders
Starting : Daniil Tarasov
Backup : Joey Daccord
Extra Forwards
Normal : Evgeny Kuznetsov, Nick Schmaltz, Michael Bunting - PP : Evgeny Kuznetsov, Nick Schmaltz - PK : Michael Bunting
Extra Defensemen
Normal : Vince Dunn, Zach Whitecloud, Quinn Hughes - PP : Vince Dunn - PK : Zach Whitecloud, Quinn Hughes
Penalty Shots
Nikita Kucherov, Tim Stutzle, David Pastrnak, Kyle Connor, Jesper Bratt
Scratches
Timothy Liljegren (Healthy)
% Time on Ice - Detroit Red Wings
Lines # - Real PCT - Wanted PCT - Time Play
Normal Forward
1 - 29% - 35% - 14:08
2 - 34% - 35% - 16:12
3 - 21% - 20% - 10:06
4 - 16% - 10% - 7:29
Normal Defense
1 - 41% - 40% - 19:44
2 - 30% - 30% - 14:26
3 - 23% - 20% - 11:09
4 - 5% - 10% - 2:36
PP Forward
1 - 49% - 50% - 4:21
2 - 51% - 50% - 4:29
PP Defense
1 - 52% - 50% - 4:35
2 - 48% - 50% - 4:15
PK Forward
1 - 49% - 50% - 1:01
2 - 51% - 50% - 1:04
PK Defense
1 - 34% - 50% - 0:43
2 - 66% - 50% - 1:22
PK3 Forward
1 - 45% - 50% - 0:54
2 - 55% - 50% - 1:05
PK3 Defense
1 - 67% - 50% - 1:20
2 - 33% - 50% - 0:39
44 Forward
1 - 86% - 60% - 3:35
2 - 14% - 40% - 0:36
44 Defense
1 - 69% - 60% - 2:54
2 - 31% - 40% - 1:17
Last Minute Offensive - 0:00
Last Minute Defensive - 0:00
Total
Forward - 65:00
Defense - 65:00
|
% Time on Ice - Colorado Rockies
Lines # - Real PCT - Wanted PCT - Time Play
Normal Forward
1 - 29% - 30% - 13:40
2 - 30% - 30% - 14:26
3 - 29% - 30% - 13:49
4 - 13% - 10% - 6:00
Normal Defense
1 - 34% - 33% - 16:07
2 - 33% - 33% - 15:56
3 - 33% - 33% - 15:39
4 - 0% - 1% - 0:13
PP Forward
1 - 54% - 50% - 1:08
2 - 46% - 50% - 0:57
PP Defense
1 - 47% - 50% - 0:59
2 - 53% - 50% - 1:06
PK Forward
1 - 47% - 50% - 4:10
2 - 53% - 50% - 4:40
PK Defense
1 - 52% - 50% - 4:34
2 - 48% - 50% - 4:16
PK3 Forward
1 - 0% - 50%
2 - 0% - 50%
PK3 Defense
1 - 0% - 50%
2 - 0% - 50%
44 Forward
1 - 42% - 50% - 2:35
2 - 58% - 50% - 3:35
44 Defense
1 - 60% - 50% - 3:42
2 - 40% - 50% - 2:28
Last Minute Offensive - 0:00
Last Minute Defensive - 0:00
Total
Forward - 65:00
Defense - 65:00
|
Play-by-Play
1st period
0:01 of 1st period - Tim Stutzle wins face-off versus Fraser Minten in neutral zone.
0:06 of 1st period - Snap shot by Tim Stutzle.
0:06 of 1st period - Shot Misses the Net.
0:32 of 1st period - Off-side.
0:33 of 1st period - Kevin Stenlund wins face-off versus Nick Schmaltz in neutral zone.
1:10 of 1st period - Slapshot by Kyle Palmieri.
1:10 of 1st period - Stopped by Ville Husso with a rebound.
1:12 of 1st period - Snap shot by Kyle Palmieri.
1:12 of 1st period - Stopped by Ville Husso without a rebound.
1:13 of 1st period - Rasmus Kupari wins face-off versus Nick Bonino in Detroit Red Wings zone.
1:22 of 1st period - Wrist shot by Vasili Podkolzin.
1:22 of 1st period - Stopped by Daniil Tarasov with a rebound.
1:38 of 1st period - Collin Graf is hit by Zach Whitecloud and loses puck.
2:09 of 1st period - Slapshot by Tim Stutzle.
2:09 of 1st period - Shot Misses the Net.
2:11 of 1st period - Snap shot by Kyle Connor.
2:11 of 1st period - Shot Misses the Net.
3:09 of 1st period - Wrist shot by Nick Schmaltz.
3:09 of 1st period - Shot Misses the Net.
4:42 of 1st period - Wrist shot by Cutter Gauthier.
4:42 of 1st period - Stopped by Daniil Tarasov without a rebound.
4:43 of 1st period - Tim Stutzle wins face-off versus Cutter Gauthier in Colorado Rockies zone.
4:56 of 1st period - Collin Graf is hit by Zach Whitecloud and loses puck.
5:14 of 1st period - Cutter Gauthier is hit by Tim Stutzle and loses puck.
5:34 of 1st period - Martin Fehervary is hit by Jamie Drysdale and loses puck.
5:43 of 1st period - Snap shot by Tim Stutzle.
5:43 of 1st period - Goal by Tim Stutzle - Detroit Red Wings : 0 - Colorado Rockies : 1.
5:44 of 1st period - Max Pacioretty wins face-off versus Kyle Palmieri in neutral zone.
5:59 of 1st period - Snap shot by David Pastrnak.
5:59 of 1st period - Deflect By Jayden Struble.
5:59 of 1st period - Goal by David Pastrnak - Detroit Red Wings : 0 - Colorado Rockies : 2.
6:00 of 1st period - Cole Sillinger wins face-off versus Nick Schmaltz in neutral zone.
6:05 of 1st period - Snap shot by Max Pacioretty.
6:05 of 1st period - Shot Blocked by Andrew Peeke.
6:07 of 1st period - Slapshot by Cole Sillinger.
6:07 of 1st period - Shot Misses the Net.
6:09 of 1st period - Snap shot by Tanner Pearson.
6:09 of 1st period - Stopped by Daniil Tarasov with a rebound.
6:11 of 1st period - Wrist shot by Tanner Pearson.
6:11 of 1st period - Stopped by Daniil Tarasov without a rebound.
6:12 of 1st period - Cole Sillinger wins face-off versus Kyle Palmieri in Colorado Rockies zone.
6:13 of 1st period - Wrist shot by Max Pacioretty.
6:13 of 1st period - Shot Blocked by Martin Fehervary.
6:15 of 1st period - Snap shot by Cole Sillinger.
6:15 of 1st period - Shot Misses the Net.
6:19 of 1st period - Wrist shot by Max Pacioretty.
6:19 of 1st period - Deflect By Cole Sillinger.
6:19 of 1st period - Goal by Cole Sillinger - Detroit Red Wings : 1 - Colorado Rockies : 2.
6:20 of 1st period - Kevin Stenlund wins face-off versus Nick Schmaltz in neutral zone.
6:23 of 1st period - Martin Fehervary is hit by Raphael Lavoie.
6:35 of 1st period - Snap shot by Michael Bunting.
6:35 of 1st period - Stopped by Ville Husso with a rebound.
6:45 of 1st period - Victor Hedman is hit by Tanner Pearson and loses puck.
7:10 of 1st period - Quinn Hughes is hit by Conor Timmins and loses puck.
7:31 of 1st period - Wrist shot by Quinn Hughes.
7:31 of 1st period - Stopped by Ville Husso without a rebound.
7:32 of 1st period - Rasmus Kupari wins face-off versus Nick Schmaltz in Detroit Red Wings zone.
7:59 of 1st period - David Pastrnak is hit by Max Pacioretty and loses puck.
8:06 of 1st period - Wrist shot by Kyle Palmieri.
8:06 of 1st period - Shot Blocked by Tanner Pearson.
8:27 of 1st period - Shayne Gostisbehere is hit by Tim Stutzle and loses puck.
8:40 of 1st period - Cutter Gauthier is hit by Evgeny Kuznetsov and loses puck.
8:59 of 1st period - Slapshot by Jackson LaCombe.
8:59 of 1st period - Stopped by Daniil Tarasov without a rebound.
9:00 of 1st period - Nick Schmaltz wins face-off versus Vasili Podkolzin in Colorado Rockies zone.
9:24 of 1st period - Minor Penalty to David Pastrnak for Holding.
9:25 of 1st period - Nick Schmaltz wins face-off versus Cutter Gauthier in Colorado Rockies zone.
10:31 of 1st period - Andrew Peeke is hit by Jackson LaCombe and loses puck.
11:24 of 1st period - Penalty to David Pastrnak is over, David Pastrnak is back on ice.
11:32 of 1st period - Slapshot by Vince Dunn.
11:32 of 1st period - Stopped by Ville Husso with a rebound.
11:38 of 1st period - Backhand shot by Philipp Kurashev.
11:38 of 1st period - Shot Blocked by Vasili Podkolzin.
11:40 of 1st period - Slapshot by Zach Whitecloud.
11:40 of 1st period - Stopped by Ville Husso without a rebound.
11:41 of 1st period - Kevin Stenlund wins face-off versus Kyle Palmieri in Detroit Red Wings zone.
11:41 of 1st period - Kevin Stenlund is hit by Jesper Bratt.
12:07 of 1st period - Jackson LaCombe is hit by Philipp Kurashev and loses puck.
12:14 of 1st period - Snap shot by Philipp Kurashev.
12:14 of 1st period - Shot Misses the Net.
12:16 of 1st period - Slapshot by Andrew Peeke.
12:16 of 1st period - Shot Misses the Net.
12:18 of 1st period - Wrist shot by Philipp Kurashev.
12:18 of 1st period - Stopped by Ville Husso with a rebound.
12:55 of 1st period - Slapshot by Tim Stutzle.
12:55 of 1st period - Shot Blocked by Cole Sillinger.
13:13 of 1st period - Snap shot by Kyle Palmieri.
13:13 of 1st period - Goal by Kyle Palmieri - Detroit Red Wings : 1 - Colorado Rockies : 3.
13:14 of 1st period - Kyle Palmieri wins face-off versus Cutter Gauthier in neutral zone.
13:20 of 1st period - Off-side.
13:21 of 1st period - Cutter Gauthier wins face-off versus Kyle Palmieri in neutral zone.
13:50 of 1st period - Snap shot by Max Pacioretty.
13:50 of 1st period - Stopped by Daniil Tarasov with a rebound.
13:52 of 1st period - Snap shot by Max Pacioretty.
13:52 of 1st period - Shot Misses the Net.
13:54 of 1st period - Wrist shot by Tanner Pearson.
13:54 of 1st period - Shot Blocked by Martin Fehervary.
13:56 of 1st period - Snap shot by Cole Sillinger.
13:56 of 1st period - Stopped by Daniil Tarasov with a rebound.
13:58 of 1st period - Slapshot by Tanner Pearson.
13:58 of 1st period - Shot Misses the Net.
14:10 of 1st period - Slapshot by Tim Stutzle.
14:10 of 1st period - Stopped by Ville Husso with a rebound.
15:05 of 1st period - Icing by Martin Fehervary.
15:06 of 1st period - Kyle Palmieri wins face-off versus Cole Sillinger in Colorado Rockies zone.
15:11 of 1st period - Wrist shot by Cole Sillinger.
15:11 of 1st period - Stopped by Daniil Tarasov with a rebound.
15:13 of 1st period - Snap shot by Tanner Pearson.
15:13 of 1st period - Shot Misses the Net.
15:15 of 1st period - Wrist shot by Max Pacioretty.
15:15 of 1st period - Stopped by Daniil Tarasov with a rebound.
15:25 of 1st period - Kevin Hayes is hit by Ryan Graves and loses puck.
15:40 of 1st period - Wrist shot by Nick Schmaltz.
15:40 of 1st period - Stopped by Ville Husso with a rebound.
15:43 of 1st period - Icing by Shayne Gostisbehere.
15:44 of 1st period - Max Pacioretty wins face-off versus Kyle Palmieri in Detroit Red Wings zone.
16:33 of 1st period - Quinn Hughes is hit by Jackson LaCombe and loses puck.
16:36 of 1st period - Backhand shot by Andrew Peeke.
16:36 of 1st period - Stopped by Ville Husso with a rebound.
16:38 of 1st period - Slapshot by Quinn Hughes.
16:38 of 1st period - Stopped by Ville Husso with a rebound.
16:48 of 1st period - Fraser Minten is hit by David Pastrnak and loses puck.
16:58 of 1st period - Off-side.
16:59 of 1st period - Nick Schmaltz wins face-off versus Kevin Stenlund in neutral zone.
17:14 of 1st period - Snap shot by Michael Bunting.
17:14 of 1st period - Stopped by Ville Husso with a rebound.
17:24 of 1st period - Wrist shot by Rasmus Kupari.
17:24 of 1st period - Deflect By Vasili Podkolzin.
17:24 of 1st period - Shot Blocked by Nikita Kucherov.
17:24 of 1st period - Puck is out of play.
17:25 of 1st period - Rasmus Kupari wins face-off versus Tim Stutzle in Colorado Rockies zone.
17:30 of 1st period - Wrist shot by Rasmus Kupari.
17:30 of 1st period - Shot Blocked by Andrew Peeke.
17:59 of 1st period - Snap shot by Cutter Gauthier.
17:59 of 1st period - Shot Misses the Net.
18:01 of 1st period - Slapshot by Shayne Gostisbehere.
18:01 of 1st period - Shot Misses the Net.
18:18 of 1st period - Snap shot by Michael Bunting.
18:18 of 1st period - Deflect By Kevin Hayes.
18:18 of 1st period - Stopped by Ville Husso with a rebound.
18:38 of 1st period - Snap shot by Cole Sillinger.
18:38 of 1st period - Shot Misses the Net.
18:40 of 1st period - Slapshot by Shayne Gostisbehere.
18:40 of 1st period - Deflect By Cole Sillinger.
18:40 of 1st period - Stopped by Daniil Tarasov without a rebound.
18:41 of 1st period - Kyle Palmieri wins face-off versus Cutter Gauthier in Colorado Rockies zone.
19:06 of 1st period - Cole Sillinger is hit by Tim Stutzle and loses puck.
19:14 of 1st period - Wrist shot by Max Pacioretty.
19:14 of 1st period - Stopped by Daniil Tarasov without a rebound.
19:15 of 1st period - Cutter Gauthier wins face-off versus Nick Schmaltz in Colorado Rockies zone.
19:16 of 1st period - Snap shot by Fraser Minten.
19:16 of 1st period - Stopped by Daniil Tarasov without a rebound.
19:17 of 1st period - Cutter Gauthier wins face-off versus Nick Schmaltz in Colorado Rockies zone.
19:24 of 1st period - Snap shot by Nick Schmaltz.
19:24 of 1st period - Shot Misses the Net.
19:26 of 1st period - Snap shot by Kevin Hayes.
19:26 of 1st period - Stopped by Ville Husso without a rebound.
19:27 of 1st period - Cutter Gauthier wins face-off versus Kyle Connor in Detroit Red Wings zone.
19:54 of 1st period - Max Pacioretty is hit by Michael Bunting and loses puck.
Goals for this period are 1 for Detroit Red Wings vs 3 for Colorado Rockies.
Shots for this period are 13 for Detroit Red Wings vs 17 for Colorado Rockies.
2nd period
0:01 of 2nd period - Kyle Palmieri wins face-off versus Cole Sillinger in neutral zone.
0:28 of 2nd period - Snap shot by Tim Stutzle.
0:28 of 2nd period - Stopped by Ville Husso with a rebound.
0:36 of 2nd period - Slapshot by Jackson LaCombe.
0:36 of 2nd period - Stopped by Daniil Tarasov without a rebound.
0:37 of 2nd period - Cutter Gauthier wins face-off versus Nick Schmaltz in Colorado Rockies zone.
0:38 of 2nd period - Slapshot by Collin Graf.
0:38 of 2nd period - Shot Misses the Net.
0:40 of 2nd period - Snap shot by Collin Graf.
0:40 of 2nd period - Goal by Collin Graf - Detroit Red Wings : 2 - Colorado Rockies : 3.
0:41 of 2nd period - Nick Schmaltz wins face-off versus Collin Graf in neutral zone.
1:06 of 2nd period - Vince Dunn is hit by Ryan Graves and loses puck.
1:53 of 2nd period - Kyle Palmieri is hit by Tanner Pearson.
2:09 of 2nd period - Icing by David Pastrnak.
2:10 of 2nd period - Cutter Gauthier wins face-off versus Kyle Palmieri in Colorado Rockies zone.
2:19 of 2nd period - Snap shot by Cutter Gauthier.
2:19 of 2nd period - Stopped by Daniil Tarasov with a rebound.
2:21 of 2nd period - Snap shot by Jackson LaCombe.
2:21 of 2nd period - Deflect By Cutter Gauthier.
2:21 of 2nd period - Shot Misses the Net.
2:21 of 2nd period - Puck is out of play.
2:22 of 2nd period - Tim Stutzle wins face-off versus Cutter Gauthier in Colorado Rockies zone.
2:26 of 2nd period - Off-side.
2:27 of 2nd period - Tim Stutzle wins face-off versus Fraser Minten in neutral zone.
3:41 of 2nd period - Wrist shot by Tim Stutzle.
3:41 of 2nd period - Deflect By Nikita Kucherov.
3:41 of 2nd period - Shot Misses the Net.
3:41 of 2nd period - Puck is out of play.
3:42 of 2nd period - Tim Stutzle wins face-off versus Kevin Stenlund in Detroit Red Wings zone.
4:15 of 2nd period - Snap shot by Kyle Palmieri.
4:15 of 2nd period - Deflect By Jesper Bratt.
4:15 of 2nd period - Stopped by Ville Husso without a rebound.
4:16 of 2nd period - Kevin Hayes wins face-off versus Collin Graf in Detroit Red Wings zone.
4:19 of 2nd period - Snap shot by Michael Bunting.
4:19 of 2nd period - Stopped by Ville Husso with a rebound.
4:52 of 2nd period - Snap shot by Kyle Connor.
4:52 of 2nd period - Shot Misses the Net.
4:54 of 2nd period - Wrist shot by Tim Stutzle.
4:54 of 2nd period - Stopped by Ville Husso with a rebound.
4:56 of 2nd period - Snap shot by Tim Stutzle.
4:56 of 2nd period - Stopped by Ville Husso without a rebound.
4:57 of 2nd period - Kyle Palmieri wins face-off versus Kevin Stenlund in Detroit Red Wings zone.
5:43 of 2nd period - Wrist shot by Cutter Gauthier.
5:43 of 2nd period - Shot Hit the Post.
6:27 of 2nd period - Slapshot by Jackson LaCombe.
6:27 of 2nd period - Shot Misses the Net.
6:29 of 2nd period - Slapshot by Jackson LaCombe.
6:29 of 2nd period - Stopped by Daniil Tarasov without a rebound.
6:30 of 2nd period - Cole Sillinger wins face-off versus Tim Stutzle in Colorado Rockies zone.
6:33 of 2nd period - Wrist shot by Tanner Pearson.
6:33 of 2nd period - Shot Misses the Net.
6:35 of 2nd period - Wrist shot by Shayne Gostisbehere.
6:35 of 2nd period - Shot Misses the Net.
6:37 of 2nd period - Wrist shot by Max Pacioretty.
6:37 of 2nd period - Stopped by Daniil Tarasov without a rebound.
6:38 of 2nd period - Tim Stutzle wins face-off versus Tanner Pearson in Colorado Rockies zone.
6:38 of 2nd period - Tim Stutzle is hit by Max Pacioretty.
6:41 of 2nd period - Minor Penalty to Nikita Kucherov for Tripping.
6:42 of 2nd period - Kevin Hayes wins face-off versus Cole Sillinger in Colorado Rockies zone.
7:08 of 2nd period - Cutter Gauthier is hit by Kyle Connor and loses puck.
8:30 of 2nd period - Nick Schmaltz is hit by Max Pacioretty and loses puck.
8:41 of 2nd period - Penalty to Nikita Kucherov is over, Nikita Kucherov is back on ice.
8:54 of 2nd period - Victor Hedman is hit by Jayden Struble and loses puck.
9:05 of 2nd period - Vasili Podkolzin is hit by Victor Hedman and loses puck.
9:48 of 2nd period - Wrist shot by Jesper Bratt.
9:48 of 2nd period - Shot Misses the Net.
10:07 of 2nd period - Minor Penalty to Michael Bunting for Slashing.
10:08 of 2nd period - Kevin Hayes wins face-off versus Cole Sillinger in Colorado Rockies zone.
10:17 of 2nd period - Jesper Bratt is hit by Tanner Pearson and loses puck.
11:21 of 2nd period - Conor Timmins is hit by Kyle Connor and loses puck.
12:07 of 2nd period - Penalty to Michael Bunting is over, Michael Bunting is back on ice.
13:08 of 2nd period - Minor Penalty to Evgeny Kuznetsov for High sticking.
13:09 of 2nd period - Cutter Gauthier wins face-off versus Kevin Hayes in Colorado Rockies zone.
13:09 of 2nd period - Slapshot by Fraser Minten.
13:09 of 2nd period - Stopped by Daniil Tarasov with a rebound.
13:11 of 2nd period - Snap shot by Collin Graf.
13:11 of 2nd period - Shot Misses the Net.
13:13 of 2nd period - Slapshot by Collin Graf.
13:13 of 2nd period - Goal by Collin Graf - Detroit Red Wings : 3 - Colorado Rockies : 3.
13:14 of 2nd period - Cole Sillinger wins face-off versus Tim Stutzle in neutral zone.
13:23 of 2nd period - Snap shot by Tim Stutzle.
13:23 of 2nd period - Shot Blocked by Ryan Graves.
13:25 of 2nd period - Slapshot by Kyle Connor.
13:25 of 2nd period - Goal by Kyle Connor - Detroit Red Wings : 3 - Colorado Rockies : 4.
13:26 of 2nd period - Cole Sillinger wins face-off versus Kevin Hayes in neutral zone.
13:29 of 2nd period - Snap shot by Jamie Drysdale.
13:29 of 2nd period - Shot Blocked by Michael Bunting.
13:41 of 2nd period - Shayne Gostisbehere is hit by Kevin Hayes.
13:57 of 2nd period - Snap shot by Cutter Gauthier.
13:57 of 2nd period - Stopped by Daniil Tarasov with a rebound.
14:15 of 2nd period - Slapshot by Jamie Drysdale.
14:15 of 2nd period - Shot Blocked by Victor Hedman.
14:17 of 2nd period - Slapshot by Jamie Drysdale.
14:17 of 2nd period - Stopped by Daniil Tarasov with a rebound.
14:19 of 2nd period - Snap shot by Kevin Stenlund.
14:19 of 2nd period - Stopped by Daniil Tarasov with a rebound.
14:21 of 2nd period - Slapshot by Shayne Gostisbehere.
14:21 of 2nd period - Stopped by Daniil Tarasov with a rebound.
14:45 of 2nd period - Snap shot by Cole Sillinger.
14:45 of 2nd period - Stopped by Daniil Tarasov with a rebound.
14:51 of 2nd period - Minor Penalty to Victor Hedman for Tripping.
14:52 of 2nd period - Cutter Gauthier wins face-off versus Kevin Hayes in Colorado Rockies zone.
15:07 of 2nd period - Snap shot by Fraser Minten.
15:07 of 2nd period - Stopped by Daniil Tarasov with a rebound.
16:51 of 2nd period - Penalty to Victor Hedman is over, Victor Hedman is back on ice.
17:23 of 2nd period - Snap shot by Victor Hedman.
17:23 of 2nd period - Stopped by Ville Husso without a rebound.
17:24 of 2nd period - Kevin Stenlund wins face-off versus Kyle Palmieri in Detroit Red Wings zone.
17:24 of 2nd period - Kevin Stenlund is hit by Jesper Bratt.
18:15 of 2nd period - Shayne Gostisbehere is hit by Philipp Kurashev and loses puck.
18:28 of 2nd period - Quinn Hughes is hit by Raphael Lavoie and loses puck.
18:50 of 2nd period - Andrew Peeke is hit by Jayden Struble and loses puck.
19:03 of 2nd period - Victor Hedman is hit by Vasili Podkolzin.
Goals for this period are 2 for Detroit Red Wings vs 1 for Colorado Rockies.
Shots for this period are 13 for Detroit Red Wings vs 7 for Colorado Rockies.
3rd period
0:01 of 3rd period - Cutter Gauthier wins face-off versus Nikita Kucherov in neutral zone.
0:08 of 3rd period - Wrist shot by Collin Graf.
0:08 of 3rd period - Shot Blocked by Andrew Peeke.
0:30 of 3rd period - Off-side.
0:31 of 3rd period - Cole Sillinger wins face-off versus Nick Schmaltz in neutral zone.
0:40 of 3rd period - Snap shot by Victor Hedman.
0:40 of 3rd period - Stopped by Ville Husso without a rebound.
0:41 of 3rd period - Max Pacioretty wins face-off versus Tim Stutzle in Detroit Red Wings zone.
1:19 of 3rd period - Off-side.
1:20 of 3rd period - Tim Stutzle wins face-off versus Cutter Gauthier in neutral zone.
1:59 of 3rd period - Wrist shot by Peyton Krebs.
1:59 of 3rd period - Stopped by Daniil Tarasov with a rebound.
2:01 of 3rd period - Slapshot by Conor Timmins.
2:01 of 3rd period - Stopped by Daniil Tarasov with a rebound.
2:11 of 3rd period - Nick Schmaltz is hit by Vasili Podkolzin and loses puck.
2:16 of 3rd period - Snap shot by Rasmus Kupari.
2:16 of 3rd period - Stopped by Daniil Tarasov with a rebound.
2:18 of 3rd period - Wrist shot by Vasili Podkolzin.
2:18 of 3rd period - Stopped by Daniil Tarasov with a rebound.
2:20 of 3rd period - Snap shot by Yakov Trenin.
2:20 of 3rd period - Goal by Yakov Trenin - Detroit Red Wings : 4 - Colorado Rockies : 4.
2:21 of 3rd period - Cutter Gauthier wins face-off versus Tim Stutzle in neutral zone.
2:25 of 3rd period - Minor Penalty to Zach Whitecloud for Interference.
2:26 of 3rd period - Cole Sillinger wins face-off versus Kevin Hayes in Colorado Rockies zone.
2:41 of 3rd period - Snap shot by Cole Sillinger.
2:41 of 3rd period - Deflect By Tanner Pearson.
2:41 of 3rd period - Shot Misses the Net.
2:41 of 3rd period - Puck is out of play.
2:42 of 3rd period - Nick Schmaltz wins face-off versus Cutter Gauthier in Colorado Rockies zone.
2:52 of 3rd period - Off-side.
2:53 of 3rd period - Kevin Hayes wins face-off versus Cole Sillinger in neutral zone.
3:14 of 3rd period - Minor Penalty to Jackson LaCombe for Hooking.
3:15 of 3rd period - Tim Stutzle wins face-off versus Cutter Gauthier in Detroit Red Wings zone.
3:16 of 3rd period - Wrist shot by Nikita Kucherov.
3:16 of 3rd period - Stopped by Ville Husso with a rebound.
3:52 of 3rd period - Wrist shot by Kyle Connor.
3:52 of 3rd period - Deflect By Kyle Palmieri.
3:52 of 3rd period - Shot Misses the Net.
3:52 of 3rd period - Puck is out of play.
3:53 of 3rd period - Cutter Gauthier wins face-off versus Tim Stutzle in Detroit Red Wings zone.
4:01 of 3rd period - Icing by Tim Stutzle.
4:02 of 3rd period - Tim Stutzle wins face-off versus Cutter Gauthier in Colorado Rockies zone.
4:13 of 3rd period - Tim Stutzle is hit by Ryan Graves and loses puck.
4:25 of 3rd period - Penalty to Zach Whitecloud is over, Zach Whitecloud is back on ice.
4:30 of 3rd period - Slapshot by Kyle Palmieri.
4:30 of 3rd period - Goal by Kyle Palmieri - Detroit Red Wings : 4 - Colorado Rockies : 5.
4:31 of 3rd period - Cutter Gauthier wins face-off versus Tim Stutzle in neutral zone.
4:34 of 3rd period - Slapshot by Shayne Gostisbehere.
4:34 of 3rd period - Deflect By Cutter Gauthier.
4:34 of 3rd period - Shot Blocked by Quinn Hughes.
4:34 of 3rd period - Puck is out of play.
4:35 of 3rd period - Cutter Gauthier wins face-off versus Tim Stutzle in Colorado Rockies zone.
4:44 of 3rd period - Slapshot by Shayne Gostisbehere.
4:44 of 3rd period - Deflect By Collin Graf.
4:44 of 3rd period - Shot Blocked by Quinn Hughes.
4:44 of 3rd period - Puck is out of play.
4:45 of 3rd period - Tim Stutzle wins face-off versus Cutter Gauthier in Colorado Rockies zone.
5:12 of 3rd period - Kevin Hayes is hit by Jamie Drysdale and loses puck.
5:46 of 3rd period - Snap shot by Rasmus Kupari.
5:46 of 3rd period - Shot Blocked by Vince Dunn.
6:02 of 3rd period - Slapshot by David Pastrnak.
6:02 of 3rd period - Stopped by Ville Husso without a rebound.
6:03 of 3rd period - Cole Sillinger wins face-off versus Kyle Palmieri in Detroit Red Wings zone.
6:13 of 3rd period - Off-side.
6:14 of 3rd period - Tim Stutzle wins face-off versus Cutter Gauthier in neutral zone.
6:25 of 3rd period - Snap shot by Cutter Gauthier.
6:25 of 3rd period - Goal by Cutter Gauthier - Detroit Red Wings : 5 - Colorado Rockies : 5.
6:26 of 3rd period - Tim Stutzle wins face-off versus Max Pacioretty in neutral zone.
6:53 of 3rd period - Shayne Gostisbehere is hit by Quinn Hughes and loses puck.
7:43 of 3rd period - Off-side.
7:44 of 3rd period - Cole Sillinger wins face-off versus Tim Stutzle in neutral zone.
8:09 of 3rd period - Collin Graf is hit by Jesper Bratt and loses puck.
8:15 of 3rd period - Minor Penalty to Shayne Gostisbehere for Hooking.
8:16 of 3rd period - Kevin Stenlund wins face-off versus Tim Stutzle in Detroit Red Wings zone.
8:50 of 3rd period - Snap shot by Jesper Bratt.
8:50 of 3rd period - Shot Blocked by Rasmus Kupari.
8:52 of 3rd period - Snap shot by David Pastrnak.
8:52 of 3rd period - Deflect By Kyle Palmieri.
8:52 of 3rd period - Stopped by Ville Husso without a rebound.
8:53 of 3rd period - Cole Sillinger wins face-off versus Tim Stutzle in Detroit Red Wings zone.
9:06 of 3rd period - Wrist shot by Nikita Kucherov.
9:06 of 3rd period - Shot Misses the Net.
9:55 of 3rd period - Icing by Tim Stutzle.
9:56 of 3rd period - Kevin Stenlund wins face-off versus Tim Stutzle in Colorado Rockies zone.
9:59 of 3rd period - Wrist shot by Rasmus Kupari.
9:59 of 3rd period - Stopped by Daniil Tarasov with a rebound.
10:15 of 3rd period - Penalty to Shayne Gostisbehere is over, Shayne Gostisbehere is back on ice.
10:35 of 3rd period - Collin Graf is hit by Quinn Hughes.
10:54 of 3rd period - Snap shot by Philipp Kurashev.
10:54 of 3rd period - Stopped by Ville Husso without a rebound.
10:55 of 3rd period - Kevin Stenlund wins face-off versus Tim Stutzle in Detroit Red Wings zone.
11:02 of 3rd period - Martin Fehervary is hit by Ryan Graves and loses puck.
12:05 of 3rd period - Rasmus Kupari is hit by Nick Bonino and loses puck.
12:30 of 3rd period - Snap shot by Tim Stutzle.
12:30 of 3rd period - Deflect By Nikita Kucherov.
12:30 of 3rd period - Shot Misses the Net.
12:30 of 3rd period - Puck is out of play.
12:31 of 3rd period - Cole Sillinger wins face-off versus Tim Stutzle in Detroit Red Wings zone.
12:42 of 3rd period - Snap shot by Nikita Kucherov.
12:42 of 3rd period - Deflect By Tanner Pearson.
12:42 of 3rd period - Stopped by Ville Husso with a rebound.
12:44 of 3rd period - Snap shot by Victor Hedman.
12:44 of 3rd period - Shot Misses the Net.
12:54 of 3rd period - Snap shot by Tim Stutzle.
12:54 of 3rd period - Stopped by Ville Husso with a rebound.
13:18 of 3rd period - Cole Sillinger is hit by Zach Whitecloud and loses puck.
13:25 of 3rd period - Wrist shot by Cole Sillinger.
13:25 of 3rd period - Shot Misses the Net.
13:27 of 3rd period - Slapshot by Tanner Pearson.
13:27 of 3rd period - Shot Hit the Post.
13:29 of 3rd period - Backhand shot by Shayne Gostisbehere.
13:29 of 3rd period - Deflect By Tanner Pearson.
13:29 of 3rd period - Stopped by Daniil Tarasov without a rebound.
13:30 of 3rd period - Nick Schmaltz wins face-off versus Cutter Gauthier in Colorado Rockies zone.
13:47 of 3rd period - Icing by Martin Fehervary.
13:48 of 3rd period - Nick Schmaltz wins face-off versus Kevin Stenlund in Colorado Rockies zone.
13:59 of 3rd period - Off-side.
14:00 of 3rd period - Kyle Palmieri wins face-off versus Cutter Gauthier in neutral zone.
14:27 of 3rd period - Jackson LaCombe is hit by Nick Schmaltz.
15:07 of 3rd period - Martin Fehervary is hit by Vasili Podkolzin.
15:38 of 3rd period - Wrist shot by Jesper Bratt.
15:38 of 3rd period - Shot Misses the Net.
15:40 of 3rd period - Wrist shot by Jesper Bratt.
15:40 of 3rd period - Stopped by Ville Husso with a rebound.
16:13 of 3rd period - Tim Stutzle is hit by Kevin Stenlund and loses puck.
16:32 of 3rd period - Snap shot by Vasili Podkolzin.
16:32 of 3rd period - Stopped by Daniil Tarasov without a rebound.
16:33 of 3rd period - Kyle Palmieri wins face-off versus Rasmus Kupari in Colorado Rockies zone.
16:48 of 3rd period - Snap shot by David Pastrnak.
16:48 of 3rd period - Stopped by Ville Husso without a rebound.
16:49 of 3rd period - Nick Schmaltz wins face-off versus Raphael Lavoie in Detroit Red Wings zone.
17:01 of 3rd period - Icing by Vince Dunn.
17:02 of 3rd period - Kevin Stenlund wins face-off versus Nick Schmaltz in Colorado Rockies zone.
17:37 of 3rd period - Wrist shot by Collin Graf.
17:37 of 3rd period - Stopped by Daniil Tarasov with a rebound.
17:47 of 3rd period - Snap shot by Cole Sillinger.
17:47 of 3rd period - Stopped by Daniil Tarasov without a rebound.
17:48 of 3rd period - Kyle Palmieri wins face-off versus Cole Sillinger in Colorado Rockies zone.
18:15 of 3rd period - Wrist shot by David Pastrnak.
18:15 of 3rd period - Shot Misses the Net.
18:39 of 3rd period - Snap shot by Cole Sillinger.
18:39 of 3rd period - Shot Misses the Net.
18:41 of 3rd period - Snap shot by Cole Sillinger.
18:41 of 3rd period - Stopped by Daniil Tarasov without a rebound.
18:42 of 3rd period - Nick Schmaltz wins face-off versus Kevin Stenlund in Colorado Rockies zone.
18:42 of 3rd period - Nick Schmaltz is hit by Raphael Lavoie.
18:54 of 3rd period - Wrist shot by Raphael Lavoie.
18:54 of 3rd period - Shot Blocked by Quinn Hughes.
18:56 of 3rd period - Slapshot by Jackson LaCombe.
18:56 of 3rd period - Shot Misses the Net.
19:08 of 3rd period - Quinn Hughes is hit by Jackson LaCombe and loses puck.
Goals for this period are 2 for Detroit Red Wings vs 1 for Colorado Rockies.
Shots for this period are 12 for Detroit Red Wings vs 10 for Colorado Rockies.
Overtime #1
0:01 of 1st overtime period - Kyle Palmieri wins face-off versus Cutter Gauthier in neutral zone.
0:09 of 1st overtime period - Minor Penalty to Jackson LaCombe for Interference.
0:10 of 1st overtime period - Kyle Palmieri wins face-off versus Cutter Gauthier in Detroit Red Wings zone.
2:09 of 1st overtime period - Penalty to Jackson LaCombe is over, Jackson LaCombe is back on ice.
4:26 of 1st overtime period - Tanner Pearson is hit by Nick Schmaltz and loses puck.
4:45 of 1st overtime period - Victor Hedman is hit by Ryan Graves and loses puck.
Goals for this period are 0 for Detroit Red Wings vs 0 for Colorado Rockies.
Shots for this period are 0 for Detroit Red Wings vs 0 for Colorado Rockies.
ShootOut
5:00 of 1st overtime period - Round #1.
5:00 of 1st overtime period - Detroit Red Wings, Cutter Gauthier.
5:00 of 1st overtime period - Wrist shot by Cutter Gauthier.
5:00 of 1st overtime period - Stopped by Daniil Tarasov.
5:00 of 1st overtime period - Colorado Rockies, Nikita Kucherov.
5:00 of 1st overtime period - Snap shot by Nikita Kucherov.
5:00 of 1st overtime period - Shot Misses the Net.
5:00 of 1st overtime period - Round #2.
5:00 of 1st overtime period - Detroit Red Wings, Collin Graf.
5:00 of 1st overtime period - Snap shot by Collin Graf.
5:00 of 1st overtime period - Stopped by Daniil Tarasov.
5:00 of 1st overtime period - Colorado Rockies, Tim Stutzle.
5:00 of 1st overtime period - Wrist shot by Tim Stutzle.
5:00 of 1st overtime period - Goal by Tim Stutzle.
5:00 of 1st overtime period - Round #3.
5:00 of 1st overtime period - Detroit Red Wings, Cole Sillinger.
5:00 of 1st overtime period - Backhand shot by Cole Sillinger.
5:00 of 1st overtime period - Shot Misses the Net.
Back to the Top